 Dungeon Crawl Stone Soup version 0.29.0-4-gdea44cf6ec (webtiles) character file.

Game seed: 14744792932901782016

172 qw the Chopper (level 5, -4/30 HPs)
             Began as a Tengu Warper on Aug 28, 2022.
             Slain by Edmund
             ... wielding a +2 flail of protection
              (7 damage)
             ... on level 4 of the Dungeon.
             The game lasted 00:00:17 (2498 turns).

qw the Chopper (Tengu Warper)                       Turns: 2498, Time: 00:00:17

Health: -4/30      AC:  7    Str: 14    XL:     5   Next: 52%
Magic:  9/9        EV: 11    Int: 13    God:
Gold:   236        SH:  0    Dex: 13    Spells: 8/8 levels left

rFire   . . .      SeeInvis .   Y - +0 war axe
rCold   . . .      Faith    .   (no shield)
rNeg    . . .      Spirit   .   c - +0 scale mail
rPois   .          Reflect  .   a - +1 hat
rElec   .          Harm     .   (no cloak)
rCorr   .          Rampage  .   (no gloves)
Will    .....                   (boots unavailable)
Stlth   ..........              n - amulet of regeneration
HPRegen 0.90/turn               (no ring)
MPRegen 0.11/turn               (no ring)

@: about to teleport, flying quickly and evasively, quick
A: beak, talons 3, nimble flight
a: no special abilities


You were on level 4 of the Dungeon.
You visited 1 branch of the dungeon, and saw 4 of its levels.

You collected 236 gold pieces.


Innate Abilities, Weirdness & Mutations

You have a beak for a mouth.
You have claws for feet.
Your magical nature lets you fly swiftly and evasively.


   Skills:
 - Level 2.0 Fighting
 + Level 6.1 Axes
 - Level 1.0 Throwing
 - Level 1.1 Armour
 - Level 2.1 Dodging
 - Level 2.0 Spellcasting
 - Level 2.4 Translocations


You had 8 spell levels left.
You didn't know any spells.
Your spell library contained the following spells:

 Spells                   Type           Power      Damage    Failure   Level
 Blink                    Tloc           14%        N/A       54%         2
 Gell's Gravitas          Tloc           7%         N/A       77%         3
 Lesser Beckoning         Tloc           7%         N/A       77%         3
 Teleport Other           Tloc           7%         N/A       77%         3
 Manifold Assault         Tloc           7%         N/A       100%        5

Inventory:

Hand Weapons
 k - a +0 flail
 Y - a +0 war axe (weapon)
Missiles
 d - 5 boomerangs (quivered)
Armour
 a - a +1 hat (worn)
 c - a +0 scale mail (worn)
Jewellery
 n - an amulet of regeneration (around neck)
Scrolls
 i - a scroll of teleportation
 j - a scroll of identify
Potions
 b - a potion of brilliance {unknown}
 f - a potion of curing {unknown}
 g - a potion of haste
 l - a potion of magic {unknown}

Dungeon Overview and Level Annotations

Branches:
Dungeon (4/15)
 Temple: D:4-7

Altars:
Ashenzari
Nemelex Xobeh

Shops:
D:1 :

Annotations:
D:4 Edmund


Message History

Found a stone staircase leading up.
A hobgoblin comes into view.
The hobgoblin shouts!
Throw: 6 boomerangs
Press: ? - help, Q - select action Shift-Dir - straight line, f - hobgoblin You throw a boomerang.
The boomerang hits the hobgoblin but does no damage.
Edmund the Younger comes into view.
He is wielding a +2 flail of protection and wearing a +1 scale mail of fire resistance.
2488 ||| Stepping ~*~*~tactically~*~*~ (stealth).
Found 6 gold pieces.
Throw: 5 boomerangs
Press: ? - help, Q - select action Shift-Dir - straight line, f/p - hobgoblin You throw a boomerang.
Edmund shouts!
The boomerang hits the hobgoblin but does no damage.
You closely miss the hobgoblin. The hobgoblin hits you.
You barely miss the hobgoblin. You claw the hobgoblin.
Your peck misses the hobgoblin.
The hobgoblin is lightly wounded.
The hobgoblin misses you.
You slash the hobgoblin!
You kill the hobgoblin!
You hit Edmund. Your peck misses Edmund.
Edmund is lightly wounded.
Edmund hits you with a +2 flail of protection! x2
You closely miss Edmund. Your kick misses Edmund.
Edmund is lightly wounded.
Edmund hits you with a +2 flail of protection!
2496 ||| READING 2 scrolls of teleportation.
As you read the scroll of teleportation, it crumbles to dust.
You feel strangely unstable.
Edmund hits you with a +2 flail of protection.
You barely miss Edmund. You peck Edmund.
Edmund is lightly wounded.
Edmund closely misses you.
You barely miss Edmund. You claw Edmund, but do no damage.
Edmund is lightly wounded.
Edmund hits you with a +2 flail of protection!
You die...

#..........###.# .
#....#.......#.#
.<##..........##.#
.>........>..##.# .$
#...........##.#
#..####....>#..##.#
#..............##.#####
.......@#...#)###.....#
#..####@#....)))..##.##
#####.#)###.##.# ...#.#
#...<# #####.# ######
#.# ###


You could see Edmund.

Vanquished Creatures
  An iguana (D:3)
  Robin (D:4)
  5 adders
  A white imp (D:4)
  A worm (D:4)
  3 dart slugs
  An orc (D:3)
  9 ball pythons
  An endoplasm (D:3)
  2 giant cockroaches (D:1)
  12 goblins
  8 hobgoblins
  2 jackals (D:2)
  10 kobolds
  2 quokkas (D:1)
  5 bats
  2 frilled lizards (D:3)
  5 rats
71 creatures vanquished.

Notes
Turn   | Place    | Note
-------+----------+-------------------------------------------
     0 | D:1      | qw the Tengu Warper began the quest for the Orb.
     0 | D:1      | Reached XP level 1. HP: 12/12 MP: 4/4
     0 | D:1      | 0 ||| qw: Version: 0.1-a-89-g26bdef1
     0 | D:1      | 0 ||| qw: Game counter: 282
     0 | D:1      | 0 ||| qw: Always use a shield: true
     0 | D:1      | 0 ||| qw: God list: Okawaru
     0 | D:1      | 0 ||| qw: Allow faded altars: false
     0 | D:1      | 0 ||| qw: Do Orc after D:15 true
     0 | D:1      | 0 ||| qw: Do second Lair branch before Depths: true
     0 | D:1      | 0 ||| qw: Lair rune preference: random
     0 | D:1      | 0 ||| qw: Plans: Normal
     0 | D:1      | 0 ||| PLANNING D:1-11
   102 | D:1      | 102 ||| DROPPING +0 club.
   117 | D:1      | Reached XP level 2. HP: 17/17 MP: 6/6
   131 | D:1      | Reached skill level 3 in Axes
   184 | D:1      | 184 ||| Stepping ~*~*~tactically~*~*~ (stealth).
   341 | D:1      | 341 ||| Stepping ~*~*~tactically~*~*~ (stealth).
   399 | D:1      | Found Izuymuc's Book Shop.
   436 | D:1      | Reached XP level 3. HP: 16/21 MP: 7/7
   626 | D:1      | 626 ||| SWAPPING to +0 war axe.
   627 | D:1      | 627 ||| DROPPING +0 hand axe.
   628 | D:1      | 628 ||| READING scroll labelled ZEEGEL KEI.
   629 | D:1      | 629 ||| READING scroll labelled QYUNYN VUGYEDD.
   630 | D:1      | 630 ||| DROPPING scroll of blinking.
   661 | D:2      | 661 ||| STAIRDANCE
   666 | D:2      | 666 ||| STAIRDANCE
   737 | D:2      | 737 ||| STAIRDANCE
   771 | D:2      | Reached skill level 4 in Axes
  1011 | D:2      | Found a sparkling altar of Nemelex Xobeh.
  1017 | D:2      | Identified the +0 leather armour of Apathy {Contam +Inv
                  | Int+7}
  1087 | D:2      | 1087 ||| Stepping ~*~*~tactically~*~*~ (stealth).
  1211 | D:2      | 1211 ||| DROPPING +0 whip.
  1312 | D:2      | Found a faded altar of an unknown god.
  1327 | D:2      | 1327 ||| DROPPING +0 leather armour of Apathy {Contam +Inv
                  | Int+7}.
  1328 | D:2      | 1328 ||| READING 2 scrolls labelled VAORAD POKLA.
  1329 | D:2      | 1329 ||| READING scroll labelled NID ZAPYDA.
  1330 | D:2      | 1330 ||| READING 2 scrolls labelled YTIGUBL PU SOE.
  1335 | D:2      | 1335 ||| DROPPING scroll of magic mapping.
  1354 | D:3      | 1354 ||| STAIRDANCE
  1362 | D:3      | 1362 ||| STAIRDANCE
  1412 | D:3      | Reached skill level 5 in Axes
  1412 | D:3      | Reached XP level 4. HP: 26/26 MP: 8/8
  1431 | D:3      | 1431 ||| Stepping ~*~*~tactically~*~*~ (stealth).
  1628 | D:3      | Identified the +4 robe of the Vaults {SInv}
  1667 | D:3      | Found a broken altar of Ashenzari.
  1787 | D:3      | Gained mutation: Your magical nature lets you fly swiftly
                  | and evasively. [Tengu growth]
  1787 | D:3      | Reached XP level 5. HP: 26/30 MP: 9/9
  2344 | D:3      | 2344 ||| UPGRADING to +1 hat.
  2349 | D:3      | 2349 ||| UPGRADING to +0 scale mail.
  2359 | D:3      | 2359 ||| DROPPING +0 leather armour.
  2360 | D:3      | 2360 ||| DROPPING amulet of faith.
  2361 | D:3      | 2361 ||| UPGRADING to amulet of regeneration.
  2366 | D:3      | 2366 ||| READING scroll labelled CEDILO HUYKO.
  2382 | D:3      | 2382 ||| DRINKING 2 puce potions.
  2383 | D:3      | 2383 ||| READING 2 scrolls of identify.
  2383 | D:3      | 2383 ||| IDENTIFYING fuming green potion
  2384 | D:3      | 2384 ||| DROPPING potion of lignification.
  2452 | D:4      | 2452 ||| Stepping ~*~*~tactically~*~*~ (hiding).
  2456 | D:4      | Noticed Robin
  2467 | D:4      | Killed Robin
  2468 | D:4      | Reached skill level 6 in Axes
  2487 | D:4      | Noticed Edmund
  2488 | D:4      | 2488 ||| Stepping ~*~*~tactically~*~*~ (stealth).
  2495 | D:4      | HP: 6/30 [Edmund/+2 flail of protection (9)]
  2496 | D:4      | 2496 ||| READING 2 scrolls of teleportation.
  2496 | D:4      | HP: 1/30 [Edmund/+2 flail of protection (6)]
  2498 | D:4      | Slain by Edmund

Levels and vault maps discovered:
D:1:      minmay_arrival_stone_box, layout_rooms, serial_shops,
          nicolae_shop_behind_doors
D:2:      layout_rooms, basic_altar, chequers_ecumenical_altar_lobes
D:3:      layout_basic, general_overflow_altar
D:4:      layout_basic, nicolae_ru_awakened_eye, minitemple,
          hellmonk_ghost_happy_afterlife, serial_shops,
          nicolae_shop_bloodbath_and_beyond, uniq_pargi, uniq_robin,
          uniq_edmund, uniq_pikel

Skill      XL: |  1  2  3  4  5 |
---------------+----------------+-----
Axes           | 3 5 6 |  6.1
Fighting       | |  2.0
Throwing       | |  1.0
Armour         | |  1.1
Dodging        | |  2.1
Spellcasting   | |  2.0
Translocations | |  2.4

Action                   |  1- 3 |  4- 6 || total
-------------------------+-------+-------++-------
Melee: Hand axe          |    32 |       ||    32
       Kick              |    21 |    10 ||    31
       Peck              |     5 |     8 ||    13
       War axe           |    28 |    53 ||    81
Throw: Boomerang         |    42 |    22 ||    64
  Use: Scroll            |     5 |     3 ||     8
       Potion            |       |     1 ||     1
Armor: Leather armour    |    15 |     4 ||    19
       Scale mail        |       |    10 ||    10
Dodge: Dodged            |    49 |    27 ||    76

Table legend:
 A = Non-vault XP
 B = Vault XP
 C = Vault XP percentage of total XP
 D = Non-vault monster count
 E = Vault monster count
 F = Vault count percentage of total count
                 A         B        C        D         E       F
            +---------+---------+-------+---------+---------+-------
      Total |     210 |      36 |  14.6 |      60 |      11 |  15.5
            +---------+---------+-------+---------+---------+-------
        D:1 |      41 |       0 |   0.0 |      23 |       0 |   0.0
        D:2 |      36 |       0 |   0.0 |      14 |       0 |   0.0
        D:3 |     114 |       0 |   0.0 |      19 |       0 |   0.0
        D:4 |      19 |      36 |  65.5 |       4 |      11 |  73.3
            +---------+---------+-------+---------+---------+-------
